 Dungeon Crawl Stone Soup version 0.31-a0-321-g19405a7a6a (webtiles) character file.

Game seed: 7275440684071166149

78 HallandMoats the Trooper (level 4, -7/37 HPs)
             Began as a Mummy Monk on July 18, 2023.
             Killed from afar by Ijyb (15 damage)
             ... with a puff of flame
             ... on level 3 of the Dungeon.
             The game lasted 00:02:53 (1817 turns).

HallandMoats the Trooper (Mummy Monk)               Turns: 1817, Time: 00:02:54

Health: -7/37      AC:  2    Str: 16    XL:     4   Next: 15%
Magic:  4/4        EV: 12    Int:  9    God:
Gold:   108        SH:  0    Dex: 14    Spells: 3/3 levels left

rFire   x . .        a - +0 falchion
rCold   + . .        c - orb {light}
rNeg    + + +        b - +0 robe
rPois   ∞            (no helmet)
rElec   .            (no cloak)
rCorr   .            (no gloves)
SInv    .            (no boots)
Will    .....        (no amulet)
Stlth   +            (no ring)
HPRegen 0.26/turn    (no ring)
MPRegen 0.09/turn

%: faith
@: glowing
A: cold resistance 1, negative energy resistance 3, torment resistance 2, heat
vulnerability 1, in touch with death 1, no potions, faith
a: no special abilities


You were on level 3 of the Dungeon.
You visited 1 branch of the dungeon, and saw 3 of its levels.

You collected 108 gold pieces.

Inventory:

Hand Weapons
 a - a +0 falchion (weapon)
Armour
 b - a +0 robe (worn)
 c - an orb of light (worn)
Scrolls
 d - a scroll of enchant weapon {unknown}
 e - a scroll of teleportation {unknown}
 f - a scroll of fear {unknown}
 g - 2 scrolls of vulnerability {unknown}
 h - 2 scrolls of fog {unknown}
 i - 2 scrolls of identify {unknown}
 j - a scroll of acquirement {unknown}
 k - 2 scrolls of blinking {unknown}
 l - a scroll of silence {unknown}


   Skills:
 * Level 3.8 Fighting
 * Level 3.1 Long Blades
 + Level 1.0 Armour
 + Level 2.7 Dodging


You had 3 spell levels left.
You didn't know any spells.
Your spell library contained the following spells:

 Spells                   Type           Power      Damage    Failure   Level
 Cigotuvi's Dreadful Rot  Necr/Pois/Air  0%         N/A       52%         2
 Dispel Undead            Necr           0%         3d6       99%         4
 Death Channel            Necr           0%         N/A       100%        6


Dungeon Overview and Level Annotations

Branches:
Dungeon (3/15)

Altars:
Trog

Shops:
D:2 :!*

Annotations:
D:3 Ijyb


Innate Abilities, Weirdness & Mutations

You are immune to poison.
Your flesh is cold resistant. (rC+)
You are immune to negative energy. (rN+++)
You are immune to unholy pain and torment.
You are vulnerable to heat. (rF-)
You are in touch with the powers of death.
You do not drink.
You have a special connection with the divine. (Faith)


Message History

The adder bites you.
You hit the adder.
You kill the adder!
Your Armour skill increases to level 1!
HP restored.
You open the door.
There is an open door here.
You open the door.
There is an open door here.
There is an open door here.
Found a short sword.
You see here a +0 short sword.
Ijyb the Twisted Goblin comes into view.
She is wielding a +0 dagger and carrying a wand of flame.
Ijyb shouts!
Ijyb is nearby!
Ijyb zaps a wand.
The puff of flame hits you! The fire burns you terribly!
Found a scroll labelled DUNGIM XEOGYT.
Ijyb closely misses you.
You hit Ijyb.
Ijyb is lightly wounded.
Ijyb hits you with a +0 dagger.
You hit Ijyb.
Ijyb is lightly wounded.
Ijyb screams, "You nasty!
Big nasty!"
Ijyb zaps a wand.
The puff of flame hits you!! The fire burns you terribly!
* * * LOW HITPOINT WARNING * * *
You hit Ijyb.
Ijyb is moderately wounded.
Ijyb barely misses you. Ijyb hits you with a +0 dagger.
* * * LOW HITPOINT WARNING * * *
You hit Ijyb.
Ijyb is heavily wounded.
Ijyb hits you with a +0 dagger.
* * * LOW HITPOINT WARNING * * *
You hit Ijyb.
Ijyb is heavily wounded.
Ijyb closely misses you.
You hit Ijyb.
Ijyb is severely wounded.
Ijyb zaps a wand.
The puff of flame hits you! The fire burns you terribly!
You die...

#.#. .... .....
... ... ..###.###
......g.#
.....#@####
...........#
......#....#######
......#......#...#
?.... #.....)#...#
..... ##.....#...#
.... #.....#...#
.... #.....#...#
#.....#...#


You could see Ijyb.

Vanquished Creatures
  A gnoll (D:1)
  3 adders
  2 dart slugs (D:2)
  3 bats
  2 endoplasms
  8 hobgoblins
  2 quokkas (D:1)
  2 ball pythons (D:1)
  3 frilled lizards
  4 goblins
  4 kobolds
  2 rats
36 creatures vanquished.

Notes
Turn   | Place    | Note
-------+----------+-------------------------------------------
     0 | D:1      | HallandMoats the Mummy Monk began the quest for the Orb.
     0 | D:1      | Reached XP level 1. HP: 18/18 MP: 1/1
   157 | D:1      | Reached XP level 2. HP: 22/24 MP: 2/2
   726 | D:1      | Gained mutation: You are in touch with the powers of death.
                  | [Mummy growth]
   726 | D:1      | Reached XP level 3. HP: 29/29 MP: 3/3
   890 | D:2      | Found Gatefi's Book Emporium.
  1336 | D:2      | Found Fanops's General Store.
  1354 | D:2      | Found Uxizit's Distillery.
  1478 | D:2      | Found a bloodstained altar of Trog.
  1529 | D:2      | Reached XP level 4. HP: 35/37 MP: 4/4
  1706 | D:3      | Reached skill level 1 in Armour
  1808 | D:3      | Noticed Ijyb
  1817 | D:3      | Killed from afar by Ijyb

Illustrated notes

Levels and vault maps discovered:
D:1:      eino_arrival_druids_welcome, layout_basic, corexii_leaking_fountain,
          amcnicky_mini_corridor_feature
D:2:      layout_loops_cross, basic_altar, serial_shops, shop,
          nicolae_shop_industrial_runoff, shop, kennysheep_generic_room_14
D:3:      layout_basic, uniq_ijyb

Skill      XL: |  1  2  3  4 |
---------------+-------------+-----
Long Blades    | 3 |  3.1
Armour         | 1 |  1.0
Fighting       | |  3.8
Dodging        | |  2.7

Action                     |  1- 3 |  4- 6 || total
---------------------------+-------+-------++-------
  Melee: Falchion          |    94 |    16 ||   110
 Armour: Robe              |    16 |     3 ||    19
  Dodge: Dodged            |    55 |     9 ||    64

Table legend: (Time is in decaauts)
 A = Elapsed time spent in this place.
 B = Non-inter-level travel time spent in this place.
 C = Inter-level travel time spent in this place.
 D = Time resting spent in this place.
 E = Time spent auto-exploring this place.
 F = Levels seen in this place.
 G = Mean time per level.
                   A        B        C        D        E       F      G
               +--------+--------+--------+--------+--------+-----+--------+
         Total |   1835 |   1835 |      0 |     84 |   1364 |   3 |  611.7 |
       Dungeon |   1835 |   1835 |      0 |     84 |   1364 |   3 |  611.7 |
               +--------+--------+--------+--------+--------+-----+--------+

Top non-repeatable levels by time:
     D:1: 871 daAuts
     D:2: 727 daAuts
     D:3: 237 daAuts
